 Dungeon Crawl Stone Soup version 0.27.1-33-g824d729ab1 (webtiles) character file.

Game seed: 13336877869045062000

319 pkoi the Insei (level 6, -14/51 HPs)
             Began as a Draconian Monk on Dec 28, 2021.
             Demolished by an ogre (21 damage)
             ... on level 3 of the Dungeon.
             The game lasted 00:03:41 (2831 turns).

pkoi the Insei (Draconian Monk)                     Turns: 2831, Time: 00:03:42

Health: -14/51     AC: 10    Str: 19    XL:     6   Next: 21%
Magic:  6/6        EV: 13    Int: 12    God:
Gold:   91         SH:  0    Dex: 14    Spells: 5/5 levels left

rFire    . . .     SeeInvis .     - Unarmed
rCold    . . .     Faith    .   (no shield)
rNeg     . . .     Spirit   .   (armour unavailable)
rPois    .         Reflect  .   (helmet restricted)
rElec    .         Harm     .   (no cloak)
rCorr    .         Rampage  .   (no gloves)
Will     .....                  (no boots)
Stlth    ++........             (no amulet)
HPRegen  0.17/turn              h - +4 ring of protection
MPRegen  0.10/turn              i - +6 ring of strength

@: no status effects
A: AC +6, unfitting armour, cold-blooded
a: no special abilities


You were on level 3 of the Dungeon.
You visited 1 branch of the dungeon, and saw 3 of its levels.

You collected 91 gold pieces.

Inventory:

Hand Weapons
 a - a +0 spear
Jewellery
 h - a +4 ring of protection (left hand)
 i - a +6 ring of strength (right hand)
Scrolls
 b - a scroll of vulnerability {unknown}
 c - a scroll of noise {unknown}
 e - 2 scrolls of identify {unknown}
 g - a scroll of enchant armour {unknown}
Potions
 f - 2 potions of invisibility {unknown}


   Skills:
 - Level 3.5 Fighting
 + Level 3.9 Dodging
 - Level 1.7 Stealth
 * Level 6.1 Unarmed Combat


You had 5 spell levels left.
You didn't know any spells.
Your spell library contained the following spells:

 Spells                   Type           Power      Damage    Failure   Level
 Corona                   Hex            0%         N/A       32%         1
 Sandblast                Erth           0%         2d4       32%         1
 Ensorcelled Hibernation  Hex/Ice        0%         N/A       45%         2
 Tukima's Dance           Hex            0%         N/A       69%         3


Dungeon Overview and Level Annotations

Branches:
Dungeon (3/15)

Altars:

Shops:
D:2 [


Innate Abilities, Weirdness & Mutations

Your plain brown scales are hard. (AC +6)
You cannot fit into any form of body armour.
You are cold-blooded and may be slowed by cold attacks.


Message History

a +0 club; an orc corpse A rat comes into view.
A rat is nearby!
The rat bites you but does no damage.
You hit the rat.
You kill the rat!
No target in view!
No target in view!
No target in view!
No target in view!
No target in view!
No target in view!
No target in view!
No target in view!
No target in view!
No target in view!
No target in view!
No target in view!
No target in view!
An ogre comes into view. It is wielding a +0 giant club.
The ogre shouts!
A bat comes into view.
You see here a rat corpse.
There are monsters nearby!
There are monsters nearby!
There are monsters nearby!
You see here a rat corpse.
You punch the ogre!
The ogre is moderately wounded.
The ogre hits you with a +0 giant club!!
You punch the ogre!
Your tail-slap misses the ogre.
The ogre is heavily wounded.
You hit the ogre.
The ogre is heavily wounded.
The ogre hits you with a +0 giant club!!
* * * LOW HITPOINT WARNING * * *
You punch the ogre!
The ogre is almost dead.
The ogre hits you with a +0 giant club!!
You die...

#.##.#.##### #.......
#.##.#)# #.#.#.#.
#.##.#.########## #.#...#.
#.##.#.##.......# #.#.#)#.
#......##.......# #.......
####.####.......#######.##
#.# #.......##......#
#####.####.......##.#######
#........#@......##.# ##..
#.###.....O......##.# #...
#.###.>.........###.# #...
#.##..............#.# #...
#######.##.#...#.#....#.#.#
##..
......#..........)........#
##.
#####.#.##.#...#.#...##.###
#.
#####.#.##.#............#
#.
##......##.............##
#.


You could see an ogre.

Vanquished Creatures
  A centaur (D:3)
  A jelly (D:3)
  An iguana (D:3)
  2 orc wizards
  7 adders
  2 dart slugs
  5 orcs
  6 ball pythons
  7 bats
  10 endoplasms
  3 giant cockroaches
  2 goblins (D:2)
  A hobgoblin (D:3)
  4 jackals (D:1)
  3 kobolds
  A quokka (D:1)
  8 frilled lizards
  5 rats
69 creatures vanquished.

Notes
Turn   | Place    | Note
-------+----------+-------------------------------------------
     0 | D:1      | pkoi the Draconian Monk began the quest for the Orb.
     0 | D:1      | Reached XP level 1. HP: 19/19 MP: 1/1
   253 | D:1      | Reached XP level 2. HP: 26/26 MP: 2/2
   471 | D:1      | Reached skill level 4 in Unarmed Combat
   592 | D:1      | Reached XP level 3. HP: 26/31 MP: 3/3
   913 | D:2      | Found Bowocia's Armour Emporium.
   986 | D:2      | Found a faded altar of an unknown god.
   998 | D:2      | Got Plato's Incunabulum of Clay
  1488 | D:3      | Reached XP level 4. HP: 14/38 MP: 4/4
  1820 | D:3      | Reached skill level 5 in Unarmed Combat
  2078 | D:2      | Reached XP level 5. HP: 33/45 MP: 5/5
  2230 | D:3      | Noticed a centaur
  2250 | D:3      | Killed a centaur
  2491 | D:3      | Reached skill level 6 in Unarmed Combat
  2491 | D:3      | Reached XP level 6. HP: 51/51 MP: 6/6
  2831 | D:3      | Demolished by an ogre

Illustrated notes

Levels and vault maps discovered:
D:1:      elethiomel_arrival_shortcut, layout_rooms
D:2:      layout_rooms, shapermc_ecumenical_altar_rom_forum, serial_shops, shop
D:3:      minmay_octagon_keep, layout_loops_cross, grunt_qazlal_clouds,
          minmay_misc_feat_x, st_stairs_2, hex_large

Skill      XL: |  1  2  3  4  5 |
---------------+----------------+-----
Unarmed Combat | 4 5 6 |  6.1
Dodging        | 3 |  3.9
Fighting       | |  3.5
Stealth        | |  1.7

Action                   |  1- 3 |  4- 6 || total
-------------------------+-------+-------++-------
Melee: Unarmed           |   115 |   104 ||   219
       Tailslap          |    14 |    20 ||    34
       Punch             |     1 |     1 ||     2
  Use: Potion            |       |     2 ||     2
 Stab: Sleeping          |     3 |     1 ||     4
Armor: Skin              |    33 |    38 ||    71
Dodge: Dodged            |    72 |    78 ||   150
